 Dungeon Crawl Stone Soup version 0.30.1-3-gfc49f6343a (webtiles) character file.

Game seed: 10367437639546580255

97 spardeous the Conjurer (level 4, -4/33 HPs)
             Began as a Demigod Conjurer on Aug 5, 2023.
             Slain by Sigmund
             ... wielding a +2 scythe of protection
              (13 damage)
             ... on level 3 of the Dungeon.
             The game lasted 00:01:50 (2480 turns).

spardeous the Conjurer (Demigod Conjurer)           Turns: 2480, Time: 00:01:50

Health: -4/33      AC:  2    Str:  8    XL:     4   Next: 19%
Magic:  3/11       EV: 12    Int: 24    God:
Gold:   25         SH:  0    Dex: 12    Spells: 6/9 levels left

rFire   . . .        (no weapon)
rCold   . . .        (no shield)
rNeg    . . .        a - +0 robe
rPois   .            (no helmet)
rElec   .            (no cloak)
rCorr   .            (no gloves)
SInv    .            (no boots)
Will    .....        (no amulet)
Stlth   +            (no ring)
HPRegen 0.25/turn    (no ring)
MPRegen 0.12/turn

%: no passive effects
@: confused
A: high MP 1, forlorn, divine attributes
a: no special abilities


You were on level 3 of the Dungeon.
You visited 1 branch of the dungeon, and saw 3 of its levels.

You collected 25 gold pieces.

Inventory:

Armour
 a - a +0 robe (worn)
Wands
 k - a wand of iceblast (8)
Scrolls
 d - a scroll of magic mapping {unknown}
 e - a scroll of fog {unknown}
 f - a scroll of vulnerability {unknown}
 h - 4 scrolls of identify {unknown}
 i - 2 scrolls of poison {unknown}
 l - a scroll of enchant armour {unknown}
 n - a scroll of amnesia {unknown}
 o - a scroll of enchant weapon {unknown}
Potions
 b - a potion of magic
 c - 2 potions of flight {unknown}
 g - a potion of curing {unknown}
 j - 2 potions of attraction {unknown}
 m - a potion of brilliance {unknown}


   Skills:
 - Level 1.7 Dodging
 - Level 1.7 Stealth
 + Level 3.1 Spellcasting
 + Level 4.5 Conjurations


You had 6 spell levels left.
You knew the following spells:

 Your Spells              Type           Power      Damage    Failure   Level
a - Magic Dart            Conj           100%       1d8       1%          1
b - Searing Ray           Conj           50%        2d6       2%          2

Your spell library contained the following spells:

 Spells                   Type           Power      Damage    Failure   Level
 Dazzling Flash           Conj/Hex       28%        N/A       13%         3
 Lesser Beckoning         Tloc           6%         N/A       16%         2
 Gell's Gravitas          Tloc           3%         N/A       32%         3
 Teleport Other           Tloc           3%         N/A       32%         3
 Fulminant Prism          Conj/Hex       7%         3d6       38%         4
 Iskenderun's Mystic Bla  Conj/Tloc      14%        2d5       38%         4


Dungeon Overview and Level Annotations

Branches:
Dungeon (3/15)

Annotations:
D:3 Sigmund


Innate Abilities, Weirdness & Mutations

You have an increased reservoir of magic. (+10% MP)
You shall have no god before yourself.
Your divine heritage dramatically boosts your attributes as you level up.


Message History

You kill the frilled lizard!
You take 6 damage, and have 27/33 hp.
You regained 3 mp, and now have 8/11 mp.
A puff of flame appears from out of thin air!
The puff of flame hits you.
You take 4 damage, and have 23/33 hp.
A magic dart appears from out of thin air!
The magic dart hits you!
You take 8 damage, and have 15/33 hp.
MASSIVE DAMAGE!!
Casting: Magic Dart (safe; 1% risk of failure)
Confirm with . or Enter, or press ? or * to list all spells.
Aiming: Searing Ray (safe; 2% risk of failure)
Press: ? - help, Shift-Dir - straight line (Press . to maintain the ray.)
You now have 7/11 mp.
Unknown command.
You now have 6/11 mp.
You now have 5/11 mp.
The searing ray hits something.
You finish channelling your searing ray.
You now have 4/11 mp.
Casting: Searing Ray (safe; 2% risk of failure)
Confirm with . or Enter, or press ? or * to list all spells.
Aiming: Searing Ray (safe; 2% risk of failure)
Press: ? - help, Shift-Dir - straight line The searing ray hits something. (Press . to maintain the ray.)
You hear some strange, mumbled words.
You are confused.
Unknown command.
You now have 2/11 mp.
Something completely misses you.
You're too confused to move!
You're too confused to move!
A magic dart appears from out of thin air!
The magic dart hits you!
* * * LOW HITPOINT WARNING * * *
You take 8 damage, and have 9/33 hp.
MASSIVE DAMAGE!!
You're too confused to move!
Something hits you!
You die...

#. #.........# #.# #.# #.
#.........# #.# #.# #.
#[....)...# #.# #.# ##.
#.........###.#####..
#.###..##....................
#....!.#.........###.#####..
##.....#.......[.# #.#
...........{......###.######.
.##.....#....@...............
#.!................†.#######
..#######.........##### .
#.........# #.........#
#.........# #####.#.#.#
#†#.†.# #.#..##


There were no monsters in sight!

Vanquished Creatures
  3 adders (D:2)
  A worm (D:2)
  4 dart slugs
  4 ball pythons
  5 endoplasms
  2 giant cockroaches
  6 goblins
  8 hobgoblins
  3 quokkas
  6 bats
  5 frilled lizards
  4 kobolds
  8 rats
59 creatures vanquished.

Notes
Turn   | Place    | Note
-------+----------+-------------------------------------------
     0 | D:1      | spardeous the Demigod Conjurer began the quest for the Orb.
     0 | D:1      | Reached XP level 1. HP: 14/14 MP: 5/5
   515 | D:1      | Reached XP level 2. HP: 20/20 MP: 2/7
   978 | D:1      | Reached skill level 4 in Conjurations
  1407 | D:2      | Reached XP level 3. HP: 26/26 MP: 7/9
  1536 | D:2      | Learned a level 2 spell: Searing Ray
  1897 | D:2      | Reached XP level 4. HP: 33/33 MP: 9/11
  2461 | D:3      | Noticed Sigmund
  2480 | D:3      | Slain by Sigmund

Illustrated notes

Levels and vault maps discovered:
D:1:      eino_arrival_water_cross, layout_rooms, serial_co_window_serial,
          co_window_paths_a, co_window_of_opportunity_a, co_window_corner_a,
          co_window_corner_a, co_window_paths_b, co_window_corner_a,
          co_window_unsneaky_path_c, co_window_broadway_c, co_window_broadway_c,
          co_window_broadway_c, co_window_corner_b, co_window_corner_b,
          co_window_unsneaky_path_b, glass_columns_a, glass_columns_a,
          glass_columns_b, glass_columns_b
D:2:      layout_basic, hellmonk_ecumenical_altar_zigzags, minmay_tromino_mix6
D:3:      layout_loops_ring, mainiacjoe_overflow_boulevard, uniq_sigmund,
          uniq_natasha

Skill      XL: |  1  2  3  4 |
---------------+-------------+-----
Spellcasting   | 2 3 |  3.1
Conjurations   | 4 |  4.5
Dodging        | |  1.7
Stealth        | |  1.7

Action                     |  1- 3 |  4- 6 || total
---------------------------+-------+-------++-------
   Cast: Magic Dart        |    83 |    25 ||   108
         Searing Ray       |       |     2 ||     2
 Armour: Robe              |     2 |       ||     2
  Dodge: Dodged            |    24 |     2 ||    26
